NYP
VANCOUVER CANADIANS @ SPOKANE INDIANS
06/16/2047
 
TOP OF THE 1ST
Vancouver Canadians batting - Pitching for Spokane Indians : LHP Tim Siddens
Pitching: LHP Tim Siddens
Batting: RHB Justin Geiger 0-0: Called Strike
0-1: Ball
1-1: Ball
2-1: Foul Ball, location: 2F
2-2: Ball
3-2: Strikes out looking
Batting: RHB Dan Hilyer 0-0: Ground out 5-3 (Groundball, 56S, EV 67.5 MPH)
Batting: RHB Stephen Casteel 0-0: SINGLE (Groundball, 6MD, EV 101.9 MPH)
Batting: RHB Nikita Schram 0-0: Ball
1-0: Swinging Strike
1-1: Called Strike
1-2: Ball
2-2: Fielders Choice at 2nd, 6-4 (Groundball, 6, EV 102.5 MPH)
Top of the 1st over - 0 runs, 1 hit, 0 errors, 1 left on base; Vancouver 0 - Spokane 0
BOTTOM OF THE 1ST
Spokane Indians batting - Pitching for Vancouver Canadians : RHP Robby Granados
Pitching: RHP Robby Granados
Batting: LHB Jose Baez 0-0: Ball
1-0: Ground out U3 (Groundball, 3L, EV 105.6 MPH)
Batting: LHB Gabriel Graves 0-0: Ball
1-0: Ball
2-0: Ground out U3 (Groundball, 34, EV 87.5 MPH)
Batting: SHB Kaname Fujimoto 0-0: Called Strike
0-1: Foul Ball, location: 2F
0-2: Foul Ball, location: 2F
0-2: Ball
1-2: SINGLE (Groundball, 34D, EV 105.0 MPH)
Batting: LHB Caleb Domino 0-0: Called Strike
0-1: Foul Ball, location: 2F
0-2: Strikes out swinging
Bottom of the 1st over - 0 runs, 1 hit, 0 errors, 1 left on base; Vancouver 0 - Spokane 0
TOP OF THE 2ND
Vancouver Canadians batting - Pitching for Spokane Indians : LHP Tim Siddens
Batting: RHB John Hering 0-0: Called Strike
0-1: Ball
1-1: Called Strike
1-2: Ground out 4-3 (Groundball, 4, EV 103.1 MPH)
Batting: RHB Brian Manson 0-0: Fly out, F3 (Popup, 3, EV 58.1 MPH)
Batting: RHB Elliot Manfredini 0-0: Ground out 5-3 (Groundball, 56, EV 102.5 MPH)
Top of the 2nd over - 0 runs, 0 hits, 0 errors, 0 left on base; Vancouver 0 - Spokane 0
BOTTOM OF THE 2ND
Spokane Indians batting - Pitching for Vancouver Canadians : RHP Robby Granados
Batting: RHB Sergio Godinez 0-0: Called Strike
0-1: Ball
1-1: Foul Ball, location: 2F
1-2: Strikes out swinging
Batting: RHB Aaron Graham 0-0: Foul Ball, location: 2F
0-1: Ball
1-1: Called Strike
1-2: Ball
2-2: Foul Ball, location: 2F
2-2: DOUBLE (Groundball, 5L, EV 101.2 MPH)
Batting: LHB Yat-sen Zhu 0-0: Called Strike
0-1: SINGLE (Groundball, 4MD, EV 101.2 MPH)
Aaron Graham to third
Runner from 3rd tries for Home, throw by CF and OUT! 8-2
Batting: SHB Brace Harper 0-0: Ball
Yat-sen Zhu steals 2nd, throwing error, E2
Yat-sen Zhu to third
1-0: Foul Ball, location: 2F
1-1: Ball
2-1: Ball
3-1: Swinging Strike
3-2: SINGLE (Groundball, 6M, EV 96.2 MPH)
Yat-sen Zhu scores
Batting: RHB Ferdi Schipper 0-0: Called Strike
0-1: Called Strike
Brace Harper steals 2nd base
0-2: Ball
1-2: Ball
2-2: Foul Ball, location: 2F
2-2: Ball
3-2: Strikes out swinging
Bottom of the 2nd over - 1 run, 3 hits, 1 error, 1 left on base; Vancouver 0 - Spokane 1
TOP OF THE 3RD
Vancouver Canadians batting - Pitching for Spokane Indians : LHP Tim Siddens
Now at 2B: Darnell Jones
Batting: RHB Shunsuke Shiba Inu 0-0: SINGLE (Groundball, 4MD, EV 104.4 MPH)
Batting: RHB Mike Johnson 0-0: Called Strike
0-1: Called Strike
Shunsuke Shiba Inu steals 2nd base (no throw)
0-2: Ball
1-2: Foul Ball, location: 2F
1-2: Ball
2-2: SINGLE (Groundball, 15S, EV 66.9 MPH) (infield hit)
Shunsuke Shiba Inu to third
Batting: RHB Justin Geiger 0-0: Ball
1-0: Called Strike
1-1: Called Strike
1-2: Ball
2-2: Strikes out swinging
Batting: RHB Dan Hilyer 0-0: Called Strike
0-1: Ball
1-1: Called Strike
1-2: Foul Ball, location: 2F
1-2: Ball
2-2: Strikes out looking
Batting: RHB Stephen Casteel 0-0: Swinging Strike
0-1: Fielders Choice at 2nd, U6 (Groundball, 6M, EV 85.6 MPH)
Top of the 3rd over - 0 runs, 2 hits, 0 errors, 2 left on base; Vancouver 0 - Spokane 1
BOTTOM OF THE 3RD
Spokane Indians batting - Pitching for Vancouver Canadians : RHP Robby Granados
Batting: LHB Jose Baez 0-0: Ball
1-0: Foul Ball, location: 2F
1-1: Ball
2-1: Ball
3-1: Swinging Strike
3-2: Base on Balls
Batting: LHB Gabriel Graves 0-0: Ball
Jose Baez steals 2nd base
1-0: Called Strike
1-1: Fly out, F7 (Flyball, 7LM, EV 93.8 MPH)
Batting: SHB Kaname Fujimoto 0-0: Called Strike
0-1: Ball
1-1: Called Strike
1-2: Ball
2-2: Foul Ball, location: 2F
2-2: Foul Ball, location: 2F
2-2: Strikes out looking
Batting: LHB Caleb Domino 0-0: Ball
1-0: Foul Ball, location: 2F
1-1: Swinging Strike
1-2: Ball
2-2: Ball
3-2: DOUBLE (Flyball, 89XD, EV 98.1 MPH)
Jose Baez scores
Batting: RHB Sergio Godinez 0-0: Ball
1-0: Swinging Strike
1-1: Foul Ball, location: 2F
1-2: Strikes out swinging
Bottom of the 3rd over - 1 run, 1 hit, 0 errors, 1 left on base; Vancouver 0 - Spokane 2
TOP OF THE 4TH
Vancouver Canadians batting - Pitching for Spokane Indians : LHP Tim Siddens
Batting: RHB Nikita Schram 0-0: Ball
1-0: Ball
2-0: Ball
3-0: Called Strike
3-1: Base on Balls
Batting: RHB John Hering 0-0: SINGLE (Line Drive, 7S, EV 99.4 MPH)
Nikita Schram to second
Batting: RHB Brian Manson 0-0: Called Strike
0-1: Foul Ball, location: 2F
0-2: Foul Ball, location: 2F
0-2: Ball
1-2: Strikes out swinging
Batting: RHB Elliot Manfredini 0-0: Ground out 6-3 (Groundball, P, EV 84.4 MPH)
Nikita Schram to third
John Hering to second
Batting: RHB Shunsuke Shiba Inu 0-0: Ball
1-0: Called Strike
1-1: Ground out 6-3 (Groundball, 6, EV 85.0 MPH)
Top of the 4th over - 0 runs, 1 hit, 0 errors, 2 left on base; Vancouver 0 - Spokane 2
BOTTOM OF THE 4TH
Spokane Indians batting - Pitching for Vancouver Canadians : RHP Robby Granados
Batting: RHB Darnell Jones 0-0: Called Strike
0-1: Swinging Strike
0-2: Strikes out swinging
Batting: LHB Yat-sen Zhu 0-0: SINGLE (Groundball, 56D, EV 105.6 MPH)
Batting: SHB Brace Harper 0-0: Foul Ball, location: 2F
0-1: Ball
1-1: Ball
2-1: Ball
3-1: Base on Balls
Yat-sen Zhu to second
Batting: RHB Ferdi Schipper 0-0: Called Strike
0-1: Fly out, F7 (Flyball, 7, EV 86.2 MPH)
Batting: LHB Jose Baez 0-0: Ball
1-0: Called Strike
1-1: Ball
2-1: Fly out, F8 (Flyball, 8LS, EV 94.4 MPH)
Bottom of the 4th over - 0 runs, 1 hit, 0 errors, 2 left on base; Vancouver 0 - Spokane 2
TOP OF THE 5TH
Vancouver Canadians batting - Pitching for Spokane Indians : LHP Tim Siddens
Batting: RHB Mike Johnson 0-0: Foul Ball, location: 2F
0-1: Ball
1-1: Ball
2-1: Foul Ball, location: 2F
2-2: Ground out 5-3 (Groundball, 56, EV 87.5 MPH)
Batting: RHB Justin Geiger 0-0: Called Strike
0-1: Ball
1-1: Ball
2-1: Ground out 5-3 (Groundball, 56, EV 86.2 MPH)
Batting: RHB Dan Hilyer 0-0: Ball
1-0: Ball
2-0: Ground out 6-3 (Groundball, 6, EV 83.1 MPH)
Top of the 5th over - 0 runs, 0 hits, 0 errors, 0 left on base; Vancouver 0 - Spokane 2
BOTTOM OF THE 5TH
Spokane Indians batting - Pitching for Vancouver Canadians : RHP Robby Granados
Batting: LHB Gabriel Graves 0-0: Ball
1-0: Foul Ball, location: 2F
1-1: Ball
2-1: Called Strike
2-2: Foul Ball, location: 2F
2-2: Ball
3-2: Ground out 4-3 (Groundball, 4MD, EV 86.2 MPH)
Batting: SHB Kaname Fujimoto 0-0: Ball
1-0: Foul Ball, location: 2F
1-1: Ball
2-1: DOUBLE (Line Drive, 89XD, EV 108.1 MPH)
Batting: LHB Caleb Domino 0-0: Ball
1-0: Ball
2-0: Ball
3-0: Called Strike
3-1: Foul Ball, location: 2F
3-2: Foul Ball, location: 2F
3-2: Ground out 5-3 (Groundball, 5, EV 91.9 MPH)
Batting: RHB Sergio Godinez 0-0: Ball
1-0: Swinging Strike
1-1: Ball
2-1: Foul Ball, location: 2F
2-2: Fly out, F6 (Popup, 6M, EV 76.9 MPH)
Bottom of the 5th over - 0 runs, 1 hit, 0 errors, 1 left on base; Vancouver 0 - Spokane 2
TOP OF THE 6TH
Vancouver Canadians batting - Pitching for Spokane Indians : LHP Tim Siddens
Batting: RHB Stephen Casteel 0-0: Ground out 4-3 (Groundball, 34, EV 78.8 MPH)
Batting: RHB Nikita Schram 0-0: Called Strike
0-1: Foul Ball, location: 2F
0-2: Strikes out swinging
Batting: RHB John Hering 0-0: Foul Ball, location: 2F
0-1: Ball
1-1: DOUBLE (Line Drive, 78D, EV 113.1 MPH)
Batting: RHB Brian Manson 0-0: Swinging Strike
0-1: Ball
1-1: Foul Ball, location: 2F
1-2: Ball
2-2: Strikes out swinging
Top of the 6th over - 0 runs, 1 hit, 0 errors, 1 left on base; Vancouver 0 - Spokane 2
BOTTOM OF THE 6TH
Spokane Indians batting - Pitching for Vancouver Canadians : RHP Robby Granados
Batting: RHB Darnell Jones 0-0: Ball
1-0: Called Strike
1-1: Ground out 4-3 (Groundball, 4, EV 83.8 MPH)
Pitching: RHP Paul Corcoran
Batting: LHB Yat-sen Zhu 0-0: Called Strike
0-1: Ball
1-1: Called Strike
1-2: Strikes out swinging
Batting: SHB Brace Harper 0-0: Swinging Strike
0-1: Ball
1-1: Ball
2-1: Fly out, F7 (Flyball, 7LM, EV 90.6 MPH)
Bottom of the 6th over - 0 runs, 0 hits, 0 errors, 0 left on base; Vancouver 0 - Spokane 2
TOP OF THE 7TH
Vancouver Canadians batting - Pitching for Spokane Indians : LHP Tim Siddens
Now at 3B: Shoh Tanioka
Batting: RHB Elliot Manfredini 0-0: Foul Ball, location: 2F
0-1: Ball
1-1: Swinging Strike
1-2: SINGLE (Groundball, 56D, EV 104.4 MPH)
Batting: RHB Shunsuke Shiba Inu 0-0: Ball
Elliot Manfredini is caught stealing 2nd base 2-4
1-0: Foul Ball, location: 2F
1-1: Called Strike
1-2: Ball
2-2: Ball
3-2: Strikes out swinging
Batting: RHB Mike Johnson 0-0: Ground out 4-3 (Groundball, 4, EV 90.0 MPH)
Top of the 7th over - 0 runs, 1 hit, 0 errors, 0 left on base; Vancouver 0 - Spokane 2
BOTTOM OF THE 7TH
Spokane Indians batting - Pitching for Vancouver Canadians : RHP Paul Corcoran
Batting: RHB Ferdi Schipper 0-0: Foul Ball, location: 2F
0-1: Ball
1-1: Ball
2-1: Foul Ball, location: 2F
2-2: Strikes out looking
Batting: LHB Jose Baez 0-0: Ball
1-0: Foul Ball, location: 2F
1-1: Ball
2-1: Foul Ball, location: 2F
2-2: Ball
3-2: Base on Balls
Batting: LHB Gabriel Graves 0-0: Ball
1-0: SINGLE (Flyball, 6D, EV 87.5 MPH)
Jose Baez to second
Batting: SHB Kaname Fujimoto 0-0: Foul Ball, location: 2F
0-1: Foul Ball, location: 2F
0-2: Foul Ball, location: 2F
0-2: Ground out 4-3 (Groundball, 4S, EV 65.0 MPH)
Jose Baez to third
Gabriel Graves to second
Batting: LHB Caleb Domino 0-0: Ground out U3 (Groundball, 3, EV 100.0 MPH)
Bottom of the 7th over - 0 runs, 1 hit, 0 errors, 2 left on base; Vancouver 0 - Spokane 2
TOP OF THE 8TH
Vancouver Canadians batting - Pitching for Spokane Indians : LHP Tim Siddens
Now at 1B: Herb Craig
Batting: RHB Justin Geiger 0-0: Called Strike
0-1: Fly out, F9 (Flyball, 89M, EV 91.2 MPH)
Batting: RHB Dan Hilyer 0-0: Called Strike
0-1: Ball
1-1: Ground out 5-3 (Groundball, 56S, EV 64.4 MPH)
Batting: RHB Stephen Casteel 0-0: Ball
1-0: Foul Ball, location: 2F
1-1: Foul Ball, location: 2F
1-2: Foul Ball, location: 2F
1-2: DOUBLE (Groundball, 5L, EV 108.1 MPH)
Pitching: RHP Chad Steffee
Batting: RHB Nikita Schram 0-0: Ground out 5-3 (Groundball, 5, EV 86.9 MPH)
Top of the 8th over - 0 runs, 1 hit, 0 errors, 1 left on base; Vancouver 0 - Spokane 2
BOTTOM OF THE 8TH
Spokane Indians batting - Pitching for Vancouver Canadians : RHP Paul Corcoran
Batting: RHB Sergio Godinez 0-0: Ground out 5-3 (Groundball, 56, EV 98.1 MPH)
Batting: RHB Darnell Jones 0-0: Ball
1-0: Ball
2-0: SINGLE (Line Drive, 6M, EV 96.9 MPH)
Batting: RHB Shoh Tanioka 0-0: Ball
1-0: Called Strike
1-1: Swinging Strike
1-2: Ball
Darnell Jones is caught stealing 2nd base 2-4
2-2: Fly out, F9 (Flyball, 89S, EV 90.0 MPH)
Bottom of the 8th over - 0 runs, 1 hit, 0 errors, 0 left on base; Vancouver 0 - Spokane 2
TOP OF THE 9TH
Vancouver Canadians batting - Pitching for Spokane Indians : RHP Chad Steffee
Pitching: RHP Victor Morin
Batting: RHB John Hering 0-0: Ball
1-0: Fly out, F7 (Flyball, 7LD, EV 103.8 MPH)
Pinch Hitting: LHB Ben Radach 0-0: Swinging Strike
0-1: Foul Ball, location: 2F
0-2: Ball
1-2: SINGLE (Line Drive, 89S, EV 111.9 MPH)
Pinch Hitting: LHB Ray Whitehead 0-0: Ball
1-0: Swinging Strike
1-1: Swinging Strike
1-2: Ball
2-2: TRIPLE (Flyball, 9LD, EV 97.5 MPH)
Ben Radach scores
Pinch Hitting: LHB Devin Huber 0-0: Ground out 4-3 (Groundball, 4, EV 83.8 MPH)
Pinch Hitting: LHB Sonny Flood 0-0: Ball
1-0: Ball
2-0: Ball
3-0: Base on Balls
Pinch Hitting: LHB Roald Jacobs 0-0: Called Strike
0-1: Swinging Strike
0-2: Strikes out swinging
Top of the 9th over - 1 run, 2 hits, 0 errors, 2 left on base; Vancouver 1 - Spokane 2
Thursday, December 15th , 2022 - OOTP Baseball 23.9 Build 102